[Event "Titled Tuesday Blitz August 23 Late 2022"]
[White "Hansen, Eric"]
[Black "Dilanyan, Grigor"]
[WhiteFideId "2606771"]
[BlackFideId "13303570"]
[WhiteElo "2568"]
[BlackElo "2264"]
[Result "1-0"]
[Round "03"]
[TimeControl "180+1"]
[Date "2022.08.23"]
[WhiteClock "0:00:40"]
[BlackClock "0:00:04"]

1. Nf3 Nc6 2. g3 g6 3. Bg2 Bg7 4. O-O e5 5. d3 Nge7 6. c4 d6 7. Nc3 h5 8. h4 Bg4 9. Rb1 a5 10. a3 Qd7 11. b4 axb4 12. axb4 Bh3 13. b5 Nd8 14. b6 c6 15. Bxh3 Qxh3 16. Ne4 Qd7 17. c5 d5 18. Nd6+ Kf8 19. e4 d4 20. Qb3 Ne6 21. Ba3 Bf6 22. Bb4 Kg7 23. Ra1 Rhb8 24. Nc4 Qd8 25. Ncxe5 Rxa1 26. Rxa1 Ra8 27. Ra7 Rxa7 28. bxa7 Qa8 29. Nd7 Qxa7 30. e5 Bxe5 31. Ndxe5 Qa1+ 32. Kg2 Nd5 33. Bd2 Nxc5 34. Qc4 Qa3 35. Qxd4 Kg8 36. Nc4 Qa7 37. Bh6 f6 38. Be3 b6 39. Ncd2 Qe7 40. Ne4 Ne6 41. Qc4 Qd7 42. Qxd5 Qxd5 43. Nxf6+ Kf7 44. Nxd5 cxd5 45. Bxb6 Kf6 46. Bd4+ Kf5 47. Be3 Kg4 48. Nd4 Ng7 49. f3# 1-0


[Site "https://www.chess.com"]

[Event "Titled Tuesday Blitz August 23 Late 2022"]
[White "Hollan, Petr"]
[Black "Mitrabha, Guha"]
[WhiteFideId "360945"]
[BlackFideId "5057000"]
[WhiteElo "2284"]
[BlackElo "2499"]
[Result "0-1"]
[Round "03"]
[TimeControl "180+1"]
[Date "2022.08.23"]
[WhiteClock "0:00:02"]
[BlackClock "0:00:56"]

1. e4 e5 2. Nf3 Nc6 3. Bb5 a6 4. Ba4 Bc5 5. O-O Nge7 6. c3 Ba7 7. d4 Ng6 8. Re1 O-O 9. h3 d6 10. Be3 Bd7 11. dxe5 Bxe3 12. Rxe3 dxe5 13. Nbd2 Qe7 14. b4 Rad8 15. Bxc6 Bxc6 16. Qe1 Nf4 17. Nb3 b6 18. Kh2 Qe6 19. Ng1 Rd6 20. Rd1 Rfd8 21. Rxd6 Qxd6 22. g3 Ne6 23. Re2 Qd1 24. Qxd1 Rxd1 25. Rd2 Re1 26. f3 h5 27. h4 Re3 28. c4 Rc3 29. c5 bxc5 30. bxc5 Ba4 31. Rb2 Bxb3 32. axb3 Nxc5 33. b4 Nd3 34. Rd2 Nxb4 35. Rd8+ Kh7 36. Rd7 a5 37. f4 a4 38. Nh3 exf4 39. Ng5+ Kg6 40. gxf4 Rc5 41. Nxf7 a3 42. f5+ Kf6 43. Ng5 a2 44. Rf7+ Ke5 45. Re7+ Kf4 46. Nh3+ Kf3 47. Ng5+ Ke2 0-1


[Site "https://www.chess.com"]

[Event "Titled Tuesday Blitz August 23 Late 2022"]
[White "Jian, Alex"]
[Black "Abdrlauf, Elham"]
[WhiteFideId "30901022"]
[BlackFideId "1533533"]
[WhiteElo "2095"]
[BlackElo "2430"]
[Result "1/2-1/2"]
[Round "03"]
[TimeControl "180+1"]
[Date "2022.08.23"]
[WhiteClock "0:00:03"]
[BlackClock "0:00:05"]

1. Nf3 d5 2. b3 Nf6 3. Bb2 e6 4. e3 Be7 5. c4 O-O 6. Nc3 c5 7. cxd5 exd5 8. d4 Nc6 9. Be2 cxd4 10. Nxd4 Bb4 11. O-O Re8 12. Rc1 Bd7 13. Bf3 Qa5 14. a3 Bf8 15. b4 Qd8 16. Nxd5 Ne5 17. Nc7 Nxf3+ 18. Nxf3 Qe7 19. Nxa8 Rxa8 20. Bxf6 gxf6 21. Rc7 Rd8 22. Qd4 Qd6 23. Qxd6 Bxd6 24. Rxb7 a6 25. Nd4 Be5 26. h3 h5 27. Rd1 Ba4 28. Rc1 Kg7 29. Rb6 Ra8 30. Nc6 Bd6 31. Nd4 Be5 32. f4 Bxd4 33. exd4 a5 34. Rb7 axb4 35. axb4 Rd8 36. Rcc7 Rxd4 37. Rxf7+ Kg6 38. Ra7 Bb5 39. Rfb7 Bc6 40. Rc7 Be4 41. Rg7+ Kf5 42. b5 Rb4 43. Ra5 Kxf4 44. Re7 f5 45. Rg7 Rb1+ 46. Kh2 h4 47. Rg8 Rb4 48. Rg7 Rb3 49. Rh7 Rb2 50. Rg7 Rb1 51. Ra2 Rxb5 52. Rh7 Kg5 53. Rf2 Rb3 54. Rg7+ Kf6 55. Ra7 Kg5 56. Ra5 Rc3 57. Ra4 Rb3 58. Rd4 Rc3 59. Rdd2 Rb3 60. Ra2 Rc3 61. Ra5 Rb3 62. Re2 Kf4 63. Rf2+ Kg5 64. Ra4 Rc3 65. Rd4 Rb3 66. Re2 Kf4 67. Rf2+ Ke3 68. Rfd2 Bd3 69. R4xd3+ Rxd3 70. Rxd3+ Kxd3 71. Kg1 Ke2 72. Kh2 Kf1 73. Kh1 Ke1 74. Kg1 Ke2 75. Kh2 Ke3 76. Kg1 Ke2 1/2-1/2


[Site "https://www.chess.com"]

[Event "Titled Tuesday Blitz August 23 Late 2022"]
[White "Korchmar, Vasiliy"]
[Black "Ibrahimli, Murad"]
[WhiteFideId "24131750"]
[BlackFideId "13410229"]
[WhiteElo "2370"]
[BlackElo "2109"]
[Result "0-1"]
[Round "03"]
[TimeControl "180+1"]
[Date "2022.08.23"]
[WhiteClock "0:00:02"]
[BlackClock "0:00:10"]

1. e4 c5 2. Nf3 d6 3. d4 cxd4 4. Nxd4 Nf6 5. Nc3 a6 6. f3 e6 7. Be3 h5 8. a4 Be7 9. Bc4 Qc7 10. Ba2 Nc6 11. Qe2 Bd7 12. Nxc6 bxc6 13. O-O a5 14. f4 Ng4 15. Kh1 Nxe3 16. Qxe3 Rb8 17. f5 e5 18. Bb3 Bf6 19. Rad1 h4 20. h3 Ke7 21. Rd3 Rhd8 22. Rfd1 Be8 23. Ne2 Rb4 24. Ng1 Qb6 25. Qe2 c5 26. Rc3 Bxa4 27. Bxa4 Rxa4 28. Nf3 Rb4 29. Nd2 a4 30. Nc4 Qa6 31. b3 axb3 32. cxb3 Bg5 33. Rcd3 Rxc4 34. bxc4 Qxc4 35. Qg4 Bf6 36. R3d2 Qb3 37. Rd3 Qb4 38. R3d2 c4 39. Rc2 Qb3 40. Qe2 Rc8 41. Rdc1 Bg5 42. Rxc4 Bxc1 43. Rxc8 Bf4 44. Qf1 Qb7 45. Rc4 d5 46. exd5 Qxd5 47. Rc7+ Kf6 0-1


[Site "https://www.chess.com"]

[Event "Titled Tuesday Blitz August 23 Late 2022"]
[White "Kowalski, Igor"]
[Black "Andreikin, Dmitry"]
[WhiteFideId "1172468"]
[BlackFideId "4158814"]
[WhiteElo "2376"]
[BlackElo "2736"]
[Result "1-0"]
[Round "03"]
[TimeControl "180+1"]
[Date "2022.08.23"]
[WhiteClock "0:00:11"]
[BlackClock "0:00:03"]

1. d4 Nf6 2. c4 g6 3. Nc3 Bg7 4. e4 O-O 5. h3 d6 6. Nf3 Na6 7. Bg5 h6 8. Be3 e5 9. d5 Nc5 10. Nd2 a5 11. Be2 c6 12. g4 Bd7 13. a4 Qb6 14. Ra3 Rfc8 15. Rb3 Qc7 16. Bxc5 dxc5 17. Nf1 Ra6 18. Ne3 Rb6 19. h4 Ne8 20. dxc6 bxc6 21. Rxb6 Qxb6 22. Qxd7 Rd8 23. Qe7 Bf6 24. Ned5 cxd5 25. Nxd5 Qc6 26. Nxf6+ Qxf6 27. Qxc5 Rd4 28. Qxa5 Nd6 29. f3 Qf4 30. Qc3 Qg3+ 31. Kf1 Qf4 32. Kg2 Rd2 33. Re1 h5 34. c5 Nxe4 35. fxe4 hxg4 36. c6 Qxe4+ 37. Kf2 Qf4+ 38. Kg2 Qe4+ 39. Kg1 Rxe2 40. Rxe2 Qxe2 41. c7 g3 42. c8=Q+ Kh7 43. Qc2 Qe3+ 44. Kg2 e4 45. Qg4 f5 46. Qxg3 Qd4 47. Qcc7+ Kh8 48. Qge5+ 1-0


[Site "https://www.chess.com"]

[Event "Titled Tuesday Blitz August 23 Late 2022"]
[White "Kravtsiv, Martyn"]
[Black "Bortnyk, Olexandr"]
[WhiteFideId "14113147"]
[BlackFideId "14120828"]
[WhiteElo "2694"]
[BlackElo "2723"]
[Result "0-1"]
[Round "03"]
[TimeControl "180+1"]
[Date "2022.08.23"]
[WhiteClock "0:00:05"]
[BlackClock "0:00:34"]

1. e4 Nf6 2. e5 Nd5 3. d4 d6 4. Nf3 dxe5 5. Nxe5 c6 6. Be2 Bf5 7. O-O Nd7 8. Nf3 e6 9. Re1 Bd6 10. h3 O-O 11. Bd3 Bxd3 12. Qxd3 c5 13. Nc3 Nxc3 14. bxc3 h6 15. Rb1 Qc7 16. Nd2 Rac8 17. Ne4 b6 18. Nxd6 Qxd6 19. dxc5 Qxd3 20. cxd3 Nxc5 21. Re3 Rfd8 22. d4 Na4 23. Bd2 Rc4 24. Kf1 Rdc8 25. Rb3 a6 26. Rg3 Kf8 27. Ke2 b5 28. Kd3 Rd8 29. Ke2 Rdc8 30. Ra3 f6 31. Re3 Kf7 32. Kd3 R4c6 33. Ke2 R8c7 34. Kd3 Nb2+ 35. Ke2 Nc4 36. Rb3 Nxe3 37. fxe3 Rc4 38. Kd3 Ra4 39. a3 Rac4 40. Be1 Rd7 41. e4 f5 42. Bg3 g5 43. Be5 Rd8 44. Rb2 Rdc8 45. Rc2 Kg6 46. exf5+ exf5 47. g3 a5 48. Bd6 Rd8 49. Be5 Rc5 50. Ke3 Rc6 51. Kd3 Rdc8 52. d5 Rc5 53. Kd4 Rc4+ 54. Kd3 R8c5 55. Bd4 Rxd5 56. Re2 Kf7 57. h4 Rc6 58. hxg5 hxg5 59. Rh2 b4 60. axb4 axb4 61. c4 Rd8 62. Rh7+ Kg6 63. Rg7+ Kh5 64. Ke3 Re6+ 0-1


[Site "https://www.chess.com"]

[Event "Titled Tuesday Blitz August 23 Late 2022"]
[White "Leitao, Rafael"]
[Black "Shimanov, Aleksandr"]
[WhiteFideId "2101246"]
[BlackFideId "4198603"]
[WhiteElo "2609"]
[BlackElo "2605"]
[Result "0-1"]
[Round "03"]
[TimeControl "180+1"]
[Date "2022.08.23"]
[WhiteClock "0:00:12"]
[BlackClock "0:00:13"]

1. c4 g6 2. g3 Bg7 3. Bg2 Nf6 4. Nf3 O-O 5. O-O d6 6. d4 Nc6 7. Nc3 e5 8. dxe5 dxe5 9. Bg5 h6 10. Qxd8 Rxd8 11. Bxf6 Bxf6 12. Nd5 Kg7 13. Nxc7 Rb8 14. Nd5 e4 15. Nd2 e3 16. fxe3 Bxb2 17. Rab1 Ba3 18. Nb3 Ne5 19. Nd4 Nxc4 20. Rfd1 Bd7 21. Rd3 b5 22. Kf2 a6 23. Nc3 Bc5 24. Nb3 Bb6 25. Nd5 Bf5 26. Nxb6 Bxd3 27. exd3 Nxb6 28. Nd4 Rbc8 29. Bb7 Rc3 30. Bxa6 Rxd3 31. Bxb5 Rd2+ 32. Be2 Nd5 33. Rd1 Rxa2 34. Kf3 Rd6 35. Rc1 Rf6+ 36. Ke4 Nb6 37. Rb1 Ra8 38. Kd3 Re8 39. Bf3 Nd7 40. Bc6 Ne5+ 0-1


[Site "https://www.chess.com"]

[Event "Titled Tuesday Blitz August 23 Late 2022"]
[White "Leiva, Gianmarco"]
[Black "Rosenberg, Evan S"]
[WhiteFideId "3804399"]
[BlackFideId "2019299"]
[WhiteElo "2323"]
[BlackElo "2437"]
[Result "1/2-1/2"]
[Round "03"]
[TimeControl "180+1"]
[Date "2022.08.23"]
[WhiteClock "0:01:32"]
[BlackClock "0:01:20"]

1. e4 e6 2. d4 d5 3. Nd2 c5 4. Ngf3 cxd4 5. Nxd4 Nc6 6. Bb5 Bd7 7. Nxc6 bxc6 8. Bd3 Qc7 9. Qe2 Ne7 10. Nf3 Ng6 11. e5 f6 12. Bxg6+ hxg6 13. Qd3 Kf7 14. Bf4 Qa5+ 15. c3 Qb5 16. Qxb5 cxb5 17. h4 b4 18. cxb4 Bxb4+ 19. Bd2 Rab8 20. Bxb4 Rxb4 21. b3 g5 22. O-O-O g4 23. Ne1 Rc8+ 24. Kb1 a5 25. Nd3 Rd4 26. exf6 gxf6 27. g3 a4 28. Nf4 Rb4 29. Nd3 Rb6 30. Nc1 axb3 31. axb3 Rc3 32. Kb2 Rf3 33. Rd2 Ba4 34. h5 Bxb3 35. Nxb3 Rbxb3+ 36. Ka2 Ra3+ 37. Kb2 Rfb3+ 38. Kc2 Rc3+ 39. Kb2 Rab3+ 40. Ka2 Ra3+ 41. Kb2 Rab3+ 42. Ka2 Ra3+ 43. Kb2 1/2-1/2


[Site "https://www.chess.com"]

[Event "Titled Tuesday Blitz August 23 Late 2022"]
[White "Lenderman, Aleksandr"]
[Black "Poltorak, Sebastian"]
[WhiteFideId "2021285"]
[BlackFideId "1199498"]
[WhiteElo "2607"]
[BlackElo "2102"]
[Result "1-0"]
[Round "03"]
[TimeControl "180+1"]
[Date "2022.08.23"]
[WhiteClock "0:00:50"]
[BlackClock "0:00:02"]

1. e4 Nc6 2. Nf3 f5 3. exf5 d5 4. Bb5 Bxf5 5. O-O Qd6 6. d4 O-O-O 7. Bxc6 Qxc6 8. Ne5 Qe8 9. Re1 Nf6 10. Bf4 e6 11. Nd2 Bd6 12. Ndf3 Rf8 13. c3 h6 14. Bg3 Ne4 15. Nd3 Bg4 16. Re3 Qh5 17. Nde1 g5 18. Qd3 Bf4 19. Re2 Bf5 20. Qd1 g4 21. Ne5 Qg5 22. Bxf4 Qxf4 23. Qc1 Qxc1 24. Rxc1 Rde8 25. Nc2 h5 26. Ne3 Kd8 27. Rf1 Bh7 28. f3 gxf3 29. gxf3 Ng5 30. h4 Nh3+ 31. Kh2 Nf4 32. Rd2 Ke7 33. Rg1 Rg8 34. Rdd1 c6 35. Rxg8 Rxg8 36. Rg1 Rxg1 37. Kxg1 Bb1 38. a3 Ng6 39. Nxg6+ Bxg6 40. Ng2 Kf6 41. Nf4 Bf7 42. Nd3 Kf5 43. Kf2 Be8 44. Ke3 Bd7 45. b3 b6 46. c4 Be8 47. c5 b5 48. Ne5 a5 49. Ke2 Kf4 50. Kf2 Kf5 51. Ke3 Kf6 52. Kf4 Ke7 53. Kg5 Bf7 54. Nxc6+ 1-0


[Site "https://www.chess.com"]

[Event "Titled Tuesday Blitz August 23 Late 2022"]
[White "Martinez Alcantara, Jose Eduardo"]
[Black "Ovchinnikov, Vsevolod"]
[WhiteFideId "3805662"]
[BlackFideId "24176842"]
[WhiteElo "2703"]
[BlackElo "2376"]
[Result "1-0"]
[Round "03"]
[TimeControl "180+1"]
[Date "2022.08.23"]
[WhiteClock "0:01:35"]
[BlackClock "0:00:05"]

1. e4 g6 2. d4 Bg7 3. c3 d6 4. Bd3 Nf6 5. f4 O-O 6. Nf3 Bg4 7. Nbd2 c5 8. dxc5 dxc5 9. Qe2 Nc6 10. e5 Nd5 11. Ne4 b6 12. O-O Qc7 13. Nf2 Bxf3 14. Qxf3 Rad8 15. Be4 e6 16. Qh3 Qd7 17. Bd2 f5 18. exf6 Nxf6 19. Rad1 Nxe4 20. Nxe4 h6 21. Qg4 Qf7 22. h3 Rd3 23. Nf2 Rd5 24. Bc1 Rfd8 25. Rde1 Rf5 26. Qe2 Rd6 27. Ne4 Rd7 28. g4 Rfd5 29. Ng3 Nd8 30. Rf3 Qf8 31. Ref1 Rf7 32. Qe4 Kh7 33. h4 Rf6 34. h5 Qf7 35. g5 hxg5 36. fxg5 Rxf3 37. Rxf3 Qe8 38. Kg2 Re5 39. Qh4 Kg8 40. h6 Bf8 41. Bf4 Rd5 42. c4 Rd4 43. h7+ Kh8 44. Be5+ Bg7 45. Bxg7+ Kxg7 46. Qh6+ Kh8 47. Rf8+ Qxf8 48. Qxf8+ 1-0


[Site "https://www.chess.com"]

[Event "Titled Tuesday Blitz August 23 Late 2022"]
[White "Melkumyan, Hrant"]
[Black "Czopor, Maciej"]
[WhiteFideId "13302485"]
[BlackFideId "21805431"]
[WhiteElo "2604"]
[BlackElo "1924"]
[Result "1-0"]
[Round "03"]
[TimeControl "180+1"]
[Date "2022.08.23"]
[WhiteClock "0:00:17"]
[BlackClock "0:00:01"]

1. d4 Nf6 2. c4 g6 3. Nc3 Bg7 4. e4 d6 5. Be2 O-O 6. h4 Nc6 7. d5 Ne5 8. Nf3 Nxf3+ 9. Bxf3 h5 10. Bg5 c6 11. O-O Bd7 12. Re1 Re8 13. Rc1 Rc8 14. b3 Qa5 15. Qd2 b5 16. dxc6 Bxc6 17. Nxb5 Qb6 18. Be3 Qb7 19. Nxa7 Nxe4 20. Qc2 f5 21. Nxc8 Rxc8 22. Qd1 Bf6 23. Bxe4 Bxe4 24. f3 Bc6 25. Bg5 Be5 26. Qd2 Rc7 27. Bf4 Bf6 28. Bg5 Be5 29. Re2 Kf7 30. Rce1 Qa7+ 31. Be3 Qb7 32. Bd4 Bg3 33. Bf2 Be5 34. Bd4 Bg3 35. Qh6 e5 36. Bf2 Bf4 37. Qh7+ Kf6 38. Qh8+ Kf7 39. Be3 Bxe3+ 40. Rxe3 f4 41. Rd3 Rd7 42. Red1 Qb6+ 43. Kh1 Qc5 44. Qh7+ Kf6 45. Qh6 Kf7 46. Qg5 Qf2 47. R3d2 Qc5 48. a3 Qxa3 49. Kh2 Qc5 50. Rd3 Qb4 51. R1d2 Qc5 52. Qh6 Kf6 53. Qf8+ 1-0


[Site "https://www.chess.com"]

[Event "Titled Tuesday Blitz August 23 Late 2022"]
[White "Mladek, Richard"]
[Black "Dubov, Daniil"]
[WhiteFideId "386588"]
[BlackFideId "24126055"]
[WhiteElo "2263"]
[BlackElo "2791"]
[Result "0-1"]
[Round "03"]
[TimeControl "180+1"]
[Date "2022.08.23"]
[WhiteClock "0:00:03"]
[BlackClock "0:00:04"]

1. d4 Nf6 2. c4 e6 3. Nc3 Bb4 4. e3 d5 5. Nf3 O-O 6. Bd2 Re8 7. Rc1 h6 8. a3 Bd6 9. cxd5 exd5 10. Nb5 Bf5 11. Nxd6 Qxd6 12. Bb4 Qd8 13. Bd3 Bxd3 14. Qxd3 c6 15. O-O Nbd7 16. Bd6 Ne4 17. Bg3 Qb6 18. Qc2 a5 19. Ne1 Nxg3 20. hxg3 a4 21. Nd3 Qd8 22. Qe2 Qe7 23. Qf3 Nb6 24. Ne5 Ra5 25. Rc2 Rb5 26. Qh5 Rf8 27. Re1 Qg5 28. Qe2 Qf5 29. Rb1 Re8 30. g4 Qe6 31. Qd3 f6 32. Ng6 Qxg4 33. Nf4 Qd7 34. b3 Nc4 35. Ra2 axb3 36. Rxb3 Rxb3 37. Qxb3 Ra8 38. a4 b6 39. Qd3 Qf7 40. Ra1 g5 41. Ne2 b5 42. Qb3 Ra5 43. Ng3 Qg6 44. Ra2 h5 45. axb5 Rxb5 46. Ra8+ Kg7 47. Qa2 Qb1+ 48. Kh2 Qxa2 49. Rxa2 h4 50. Nf5+ Kf7 51. Ra7+ Kf8 52. Ra8+ Kf7 53. Ra7+ Kg6 54. Ne7+ Kh5 55. Nxc6 Rb2 56. Kg1 Rb1+ 57. Kh2 Rf1 58. f3 Nxe3 59. Ne7 Rf2 60. Ng8 Rxg2+ 61. Kh1 Kg6 62. Ne7+ Kh5 63. Ng8 Rf2 64. Nxf6+ Kg6 65. Ra6 Kf5 66. Nh7 Rxf3 67. Rf6+ Kg4 68. Rxf3 Kxf3 69. Nxg5+ Kg4 70. Nf7 Kg3 71. Ng5 h3 72. Nh7 Ng4 73. Nf6 Nxf6 0-1


[Site "https://www.chess.com"]

[Event "Titled Tuesday Blitz August 23 Late 2022"]
[White "Moroni, Luca Jr"]
[Black "Nasuta, Grzegorz"]
[WhiteFideId "865834"]
[BlackFideId "1141686"]
[WhiteElo "2573"]
[BlackElo "2354"]
[Result "1-0"]
[Round "03"]
[TimeControl "180+1"]
[Date "2022.08.23"]
[WhiteClock "0:00:39"]
[BlackClock "0:00:03"]

1. d4 d5 2. Bf4 c5 3. e3 Nc6 4. Nf3 Nf6 5. Nbd2 Nh5 6. dxc5 Nxf4 7. exf4 g6 8. c3 Bh6 9. g3 O-O 10. Nb3 Bg7 11. Bg2 a5 12. a4 e6 13. O-O b6 14. Qc2 Rb8 15. Rfd1 bxc5 16. Nxc5 Qb6 17. Nd3 Ba6 18. Rab1 Rfc8 19. Qd2 Bxd3 20. Qxd3 Qb3 21. h4 Qxa4 22. h5 Qb5 23. hxg6 hxg6 24. Qe3 Bf6 25. Bf1 Qb6 26. Qd2 Kg7 27. Bd3 Qc5 28. g4 Kf8 29. Kg2 Rb6 30. Rh1 Rcb8 31. Qe2 Qd6 32. Qd2 Qc7 33. Rh7 Ne7 34. f5 gxf5 35. Qh6+ Ke8 36. Qxf6 1-0


[Site "https://www.chess.com"]

[Event "Titled Tuesday Blitz August 23 Late 2022"]
[White "Naroditsky, Daniel"]
[Black "Djordjevic, Vuk"]
[WhiteFideId "2026961"]
[BlackFideId "902098"]
[WhiteElo "2628"]
[BlackElo "2456"]
[Result "0-1"]
[Round "03"]
[TimeControl "180+1"]
[Date "2022.08.23"]
[WhiteClock "0:00:02"]
[BlackClock "0:00:06"]

1. d4 Nf6 2. Nf3 e6 3. Bf4 d5 4. e3 Bd6 5. Bg3 O-O 6. Nbd2 c5 7. c3 Qc7 8. Ne5 Nc6 9. f4 Ne4 10. Nxe4 dxe4 11. Nc4 cxd4 12. Nxd6 Qxd6 13. cxd4 Bd7 14. Qd2 Nb4 15. f5 Qe7 16. fxe6 Bxe6 17. Be2 Rac8 18. O-O Rc2 19. Qd1 Rxb2 20. Rc1 Nd5 21. Bf2 Qg5 22. Rc5 b6 23. Rc2 Nxe3 24. Bxe3 Qxe3+ 25. Kh1 Rxc2 26. Qxc2 Qxd4 27. Rd1 Qb4 28. h3 h6 29. Ba6 Qa5 30. Bf1 Qe5 31. Re1 f5 32. a4 Bf7 33. Qc6 e3 34. Bd3 f4 35. Qd7 Qe6 36. Qxa7 Qd5 37. Qa6 Be6 38. Kg1 Rd8 39. Be2 Qd2 40. Rf1 Rd6 41. Bf3 Bf5 42. Qb5 Bd3 43. Qe8+ Kh7 44. Be4+ Bxe4 45. Qxe4+ Rg6 46. Rxf4 e2 47. Rf1 exf1=Q+ 48. Kxf1 Qg5 49. g4 Qf6+ 50. Kg2 h5 51. Kh2 hxg4 52. a5 bxa5 53. hxg4 Qh4+ 54. Kg2 Qxg4+ 55. Kf2 Qxe4 0-1


[Site "https://www.chess.com"]

[Event "Titled Tuesday Blitz August 23 Late 2022"]
[White "Nazaretyan, Tigran"]
[Black "Sjugirov, Sanan"]
[WhiteFideId "24162345"]
[BlackFideId "4189302"]
[WhiteElo "2183"]
[BlackElo "2609"]
[Result "0-1"]
[Round "03"]
[TimeControl "180+1"]
[Date "2022.08.23"]
[WhiteClock "0:00:03"]
[BlackClock "0:00:22"]

1. d4 Nf6 2. c4 e6 3. Nf3 b6 4. a3 Bb7 5. Nc3 Ne4 6. Nxe4 Bxe4 7. Bf4 d6 8. e3 Nd7 9. Bd3 Bb7 10. O-O Be7 11. e4 e5 12. dxe5 dxe5 13. Nxe5 Bd6 14. Nxf7 Kxf7 15. Bxd6 cxd6 16. b4 g6 17. f4 Kg7 18. Kh1 Rf8 19. Bc2 Qe7 20. Qd4+ Nf6 21. Rae1 Rad8 22. a4 Kh8 23. b5 Qg7 24. a5 Ng4 25. Qd1 Nf6 26. Qd4 Nh5 27. Qe3 Qc7 28. Bd3 Nf6 29. axb6 axb6 30. h3 Qc5 31. Qc1 Rde8 32. Qb2 Kg8 33. e5 Nh5 34. Kh2 Nxf4 35. Be4 Bxe4 36. Rxe4 dxe5 37. Rfe1 Nd3 38. Qc3 Nxe1 39. Qxe1 Qf2 0-1


[Site "https://www.chess.com"]

[Event "Titled Tuesday Blitz August 23 Late 2022"]
[White "Ohanyan, Emin"]
[Black "Vovk, Orest"]
[WhiteFideId "13312022"]
[BlackFideId "14113490"]
[WhiteElo "1927"]
[BlackElo "2203"]
[Result "1-0"]
[Round "03"]
[TimeControl "180+1"]
[Date "2022.08.23"]
[WhiteClock "0:02:20"]
[BlackClock "0:01:24"]

1. e4 g5 2. Nf3 g4 3. Ne5 h5 4. Nc3 Bg7 5. d4 d6 6. Nc4 c5 7. dxc5 Bxc3+ 8. bxc3 dxc5 9. Qxd8+ Kxd8 10. Be3 b6 11. O-O-O+ Ke8 12. Ne5 Nd7 13. Bb5 Nf6 14. Bg5 a6 15. Bxf6 axb5 16. Bxh8 f6 17. Nxd7 Bxd7 18. e5 Bf5 19. Kb2 Kf7 20. Bxf6 exf6 21. exf6 Kxf6 22. Rd6+ Ke5 23. Rxb6 Rd8 24. Rxb5 Rd2 25. Rxc5+ Kf6 26. Rxf5+ Kxf5 27. Rf1 h4 28. a4 h3 29. gxh3 gxh3 30. a5 Kf4 31. a6 Kf3 32. Rg1 Rd6 33. Rg3+ Kxf2 34. Rxh3 Rxa6 35. c4 Kg2 36. Rd3 Kxh2 37. Kb3 Ra8 38. c5 Rc8 39. Kc4 Kg2 40. Kb5 Rb8+ 41. Ka6 Rc8 42. Kb6 Rb8+ 43. Kc7 Rb2 44. c3 Kf2 45. c6 Ke2 46. Rd7 Rc2 47. Kd8 Rxc3 48. c7 1-0


[Site "https://www.chess.com"]

[Event "Titled Tuesday Blitz August 23 Late 2022"]
[White "Paravyan, David"]
[Black "Putnam, Liam"]
[WhiteFideId "4194985"]
[BlackFideId "30938279"]
[WhiteElo "2569"]
[BlackElo "2035"]
[Result "1-0"]
[Round "03"]
[TimeControl "180+1"]
[Date "2022.08.23"]
[WhiteClock "0:00:16"]
[BlackClock "0:00:03"]

1. e4 e5 2. Nf3 Nc6 3. Nc3 Nf6 4. d4 exd4 5. Nxd4 Bb4 6. Nxc6 bxc6 7. Bd3 d5 8. exd5 O-O 9. O-O cxd5 10. h3 c6 11. Qf3 Re8 12. Bg5 h6 13. Bh4 Bd6 14. Rae1 Be6 15. Ne2 g5 16. Nd4 gxh4 17. Nxc6 Qc7 18. Qxf6 Qxc6 19. Qxh6 f5 20. Qg6+ Kh8 21. Qf6+ Kg8 22. Rxe6 Bh2+ 23. Kxh2 Qxe6 24. Qxh4 Qg6 25. Qf4 Rf8 26. Re1 Rae8 27. Rxe8 Qxe8 28. Qg5+ Kh8 29. f4 Qf7 30. Qh6+ Kg8 31. b4 Qg7 32. Qe6+ Qf7 33. Bxf5 Kg7 34. Qxf7+ Rxf7 35. g4 a5 36. bxa5 Ra7 37. Kg3 Rxa5 38. Bd3 Rxa2 39. g5 Ra4 40. h4 Ra1 41. h5 Rh1 42. Kg4 Rg1+ 43. Kf5 Kf7 44. h6 Rh1 45. g6+ Kf8 46. Kg5 Rg1+ 47. Kf6 Rh1 48. h7 Rh6 49. f5 d4 50. Be4 Ke8 51. Kg7 Rh5 52. Bd3 Ke7 53. f6+ Ke6 54. f7 Rg5 55. h8=Q Rxg6+ 56. Kxg6 Kd7 57. c3 Ke6 58. f8=Q Kd5 59. Qd8+ Kc6 60. Qe5 dxc3 61. Qb5# 1-0


[Site "https://www.chess.com"]

[Event "Titled Tuesday Blitz August 23 Late 2022"]
[White "Piesik, Piotr"]
[Black "Bluebaum, Matthias"]
[WhiteFideId "1136194"]
[BlackFideId "24651516"]
[WhiteElo "2221"]
[BlackElo "2603"]
[Result "0-1"]
[Round "03"]
[TimeControl "180+1"]
[Date "2022.08.23"]
[WhiteClock "0:01:32"]
[BlackClock "0:02:11"]

1. Nf3 d5 2. g3 Bg4 3. Bg2 e6 4. O-O Nf6 5. d3 Be7 6. Nbd2 c5 7. e4 Nc6 8. h3 Bh5 9. c3 O-O 10. Qc2 Qc7 11. Re1 Rad8 12. Nf1 b5 13. Bf4 Qb6 14. e5 Nd7 15. g4 Bg6 16. Qe2 c4 17. d4 b4 18. Ng3 bxc3 19. bxc3 Rb8 20. Qe3 Qa5 21. h4 Bd3 22. Ne2 Rb2 23. Nd2 Rfb8 24. h5 Rc2 25. Rac1 Rbb2 26. Rxc2 Rxc2 27. h6 Bxe2 28. Qxe2 Qxc3 29. hxg7 Nxd4 0-1


[Site "https://www.chess.com"]

[Event "Titled Tuesday Blitz August 23 Late 2022"]
[White "Pulpan, Jakub"]
[Black "Deac, Bogdan-Daniel"]
[WhiteFideId "302759"]
[BlackFideId "1226380"]
[WhiteElo "2451"]
[BlackElo "2648"]
[Result "1-0"]
[Round "03"]
[TimeControl "180+1"]
[Date "2022.08.23"]
[WhiteClock "0:00:10"]
[BlackClock "0:00:05"]

1. Nf3 d5 2. d4 Nf6 3. c4 e6 4. Bg5 dxc4 5. Qa4+ Nbd7 6. Qxc4 a6 7. e3 c5 8. dxc5 Bxc5 9. Nc3 b5 10. Qb3 Bb7 11. Be2 O-O 12. O-O h6 13. Bh4 Be7 14. Rfd1 Qe8 15. a3 Rc8 16. Rac1 Nc5 17. Qa2 Nd5 18. Bxe7 Qxe7 19. h3 Nxc3 20. Rxc3 Na4 21. Rxc8 Rxc8 22. Qb1 Qc5 23. Ne1 Qe5 24. Rd4 g6 25. Bd1 Nb6 26. Bf3 Bxf3 27. Nxf3 Qc5 28. Kh2 Kg7 29. b4 Qc7+ 30. g3 Qc2 31. Qxc2 Rxc2 32. Rd2 Rc3 33. Rd6 Nc4 34. Rxa6 Rxa3 35. Rxa3 Nxa3 36. Nd4 e5 37. Nc6 Kf6 38. e4 Ke6 39. f4 f6 40. Kg2 Kd6 41. Nd8 Nc2 42. Nf7+ Ke7 43. Nxh6 Nxb4 44. fxe5 fxe5 45. Kf3 Nd3 46. Ng4 Kd6 47. Ke3 Nc5 48. Nf2 b4 49. h4 b3 50. Kd2 Na4 51. g4 Kc5 52. h5 gxh5 53. gxh5 b2 54. Kc2 Kb4 55. Nd3+ Ka3 56. Nxb2 Nxb2 57. h6 Nc4 58. h7 Ne3+ 59. Kd3 1-0


[Site "https://www.chess.com"]

[Event "Titled Tuesday Blitz August 23 Late 2022"]
[White "Riff, Vincent"]
[Black "Xiong, Jeffery"]
[WhiteFideId "617776"]
[BlackFideId "2047640"]
[WhiteElo "2369"]
[BlackElo "2714"]
[Result "1/2-1/2"]
[Round "03"]
[TimeControl "180+1"]
[Date "2022.08.23"]
[WhiteClock "0:00:22"]
[BlackClock "0:00:03"]

1. e4 e5 2. Nf3 Nf6 3. Nc3 Nc6 4. d4 exd4 5. Nxd4 Bb4 6. Nxc6 bxc6 7. Bd3 d5 8. exd5 O-O 9. O-O cxd5 10. Nb5 Bd7 11. c3 Be7 12. Nd4 c5 13. Nf5 Bxf5 14. Bxf5 Rb8 15. Qc2 Bd6 16. Bg5 h6 17. Bh4 g5 18. Bg3 Re8 19. Rad1 Kg7 20. Qd2 Qc7 21. b3 Rbd8 22. Bb1 Re6 23. Rfe1 Rde8 24. Rxe6 Rxe6 25. Qd3 Bxg3 26. hxg3 Qe5 27. Qf3 Qe2 28. Bf5 Re5 29. Qxe2 Rxe2 30. a4 Kf8 31. b4 d4 32. bxc5 dxc3 33. c6 Ne8 34. Rc1 Re5 35. g4 Rc5 36. Bd7 Nf6 37. Kf1 Ke7 38. Ke2 Rc4 39. Kd3 Rxa4 40. Rxc3 Nxd7 41. c7 Nb6 42. c8=Q Nxc8 43. Rxc8 Rxg4 44. g3 Ra4 45. Rh8 Ra6 46. g4 Rf6 47. Ke3 Kd6 48. Ra8 Rf4 49. Rxa7 Rxg4 50. Rxf7 Ke6 51. Rh7 Rh4 52. f3 Kf5 53. Kf2 Kg6 54. Ra7 Rb4 55. Kg3 Rb6 56. Ra8 h5 57. Rg8+ Kf5 58. Rf8+ Rf6 59. Rh8 h4+ 60. Kg2 Kf4 61. Ra8 Rb6 62. Ra4+ Kf5 63. Ra5+ Kg6 64. Ra4 Rb3 65. Ra8 Rb4 66. Rg8+ Kf5 67. Rf8+ Ke5 68. Rg8 Kf4 69. Rf8+ Ke3 70. Re8+ Kf4 71. Rf8+ Ke5 72. Rg8 Kf6 73. Rf8+ Kg7 74. Ra8 Rb2+ 75. Kh3 Rf2 76. Kg4 Rg2+ 77. Kf5 h3 78. Ra7+ Kh6 79. Ra8 h2 80. Rh8+ Kg7 81. Rh3 Kf7 82. Rh7+ Ke8 83. Kf6 Kd8 84. Kf5 Kc8 85. Kf6 Kd8 86. Kf5 Ke8 87. Kf6 Kd8 1/2-1/2


[Site "https://www.chess.com"]